 Dungeon Sprint DCSS version 0.23.2-30-g0e89c35649 (webtiles) character file.

Game seed: 2462613413643881052

4909 HASTUR3 the Slicer (level 10, 26/73 HPs)
             Began as a Kobold Gladiator on June 19, 2019.
             Was the Champion of Kikubaaqudgha.
             Quit the game in the Dungeon (Sprint IX: "|||||||||||||||||||||||||||||").
             The game lasted 00:12:22 (1432 turns).

HASTUR3 the Slicer (Kobold Gladiator)               Turns: 1432, Time: 00:12:22

Health: 26/73      AC:  8    Str: 13    XL:     10   Next: 80%
Magic:  10/16      EV: 26    Int: 11    God:    Kikubaaqudgha [******]
Gold:   0          SH:  0    Dex: 20    Spells: 2/17 levels left

rFire    . . .     SeeInvis .   p - +2 rapier (venom)
rCold    + + .     Gourm    .   (shield restricted)
rNeg     . . .     Faith    +   j - +1 leather armour {MR+}
rPois    .         Spirit   .   s - +0 helmet
rElec    .         Reflect  .   (no cloak)
rCorr    .         Harm     .   r - +0 pair of gloves
MR       +....     Rnd*Rage +   (no boots) Stlth ++++......NoTele +
                                u - amulet of faith
HPRegen  0.22/turn              q - +3 ring of dexterity
MPRegen  0.15/turn              b - +2 ring of protection

@: no status effects
A: small, berserk 1, carnivore, cold resistance 2, subdued magic 1
a: Receive Corpses, Torment, Brand Weapon With Pain, Receive Necronomicon,
Renounce Religion


You were in the Dungeon.
You worshipped Kikubaaqudgha.
Kikubaaqudgha was exalted by your worship.
You were very full.

You visited 1 branch

Inventory:

Hand Weapons
 p - a +2 rapier of venom (weapon)
Missiles
 d - 3 throwing nets (quivered)
Armour
 j - a +1 leather armour of magic resistance (worn)
 r - a +0 pair of gloves (worn)
 s - a +0 helmet (worn)
Jewellery
 b - a +2 ring of protection (right hand)
 q - a +3 ring of dexterity (left hand)
 u - an amulet of faith (around neck)
Wands
 o - a wand of iceblast (10)
Scrolls
 k - 4 scrolls of blinking
 m - 3 scrolls of remove curse
 n - 2 scrolls of amnesia
 v - a scroll of fog
 w - 2 scrolls of enchant weapon
 x - a scroll of fear
Potions
 a - a potion of flight {unknown}
 c - a potion of brilliance
 e - 5 potions of curing
 g - 4 potions of heal wounds
 h - a potion of haste
 i - 4 potions of magic
Comestibles
 f - a ration
 l - 11 chunks of flesh


   Skills:
 + Level 13.1 Fighting
 + Level 14.3 Short Blades
 - Level 2.1 Throwing
 + Level 13.3 Dodging
 - Level 9.0 Stealth
 - Level 4.2 Spellcasting
 + Level 4.6 Charms
 - Level 11.1 Necromancy


You had 2 spell levels left.
You knew the following spells:

 Your Spells              Type           Power        Failure   Level  Hunger
a - Animate Skeleton      Necr           N/A          1%          1    #......
b - Sublimation of Blood  Necr           ###.......   1%          2    ##.....
c - Regeneration          Chrm/Necr      ###.......   2%          3    ###....
d - Agony                 Necr           ###.....     7%          5    ######.
e - Animate Dead          Necr           N/A          2%          4    #####..

Your spell library contained the following spells:

 Spells                   Type           Power        Failure   Level  Hunger
 Pain                     Necr           ###.         1%          1    #......
 Dispel Undead            Necr           ###.....     7%          5    ######.
 Bolt of Draining         Conj/Necr      ##........   58%         5    ######.
 Borgnjor's Vile Clutch   Necr/Erth      ##........   58%         5    ######.


Dungeon Overview and Level Annotations

Branches:
Dungeon (1/1)

Altars:
Cheibriados
Dithmenos
Elyvilon
Fedhas
Gozag
Hepliaklqana
Kikubaaqudgha
Makhleb
Nemelex Xobeh
Okawaru
Qazlal
Ru
Sif Muna
Trog
Uskayaw
Vehumet
Wu Jian
Xom
Yredelemnul
Zin
The Shining One
Beogh
Jiyva
Lugonu


Innate Abilities, Weirdness & Mutations

You are small and have problems with some larger weapons.
You are carnivorous and can eat meat at any time.
You tend to lose your temper in combat.
Your flesh is very cold resistant. (rC++)
Your spells are a little easier to cast, but a little less powerful.


Message History

The death yak snorts and paws the ground.
You see here a +1 spear of flaming.
You see here a +0 ring mail.
You hit the death yak but do no damage.
The death yak is heavily wounded.
You hit the death yak but do no damage.
The death yak looks even sicker.
The death yak is heavily wounded.
The death yak completely misses you.
You hit the death yak.
The death yak is heavily wounded.
You hit the death yak but do no damage.
The death yak is heavily wounded.
The death yak completely misses you.
The yak bellows!
You hit the death yak.
The death yak looks as sick as possible!
The death yak is heavily wounded.
The yak snorts and paws the ground.
There is an open door here.
Are you sure you want to abandon this character and quit the game? (Confirm with "yes".)

▓▓▓▓▓▓▓▓▓▓▓▓▓▓▓▓▓▓▓▓
▓..@YY.Y'Y..Y.[)..Y.
▓.▓▓▓▓▓▓▓▓▓▓▓▓▓▓▓▓▓▓
▓...................
▓▓▓▓▓▓▓▓▓▓▓▓▓▓▓▓▓▓▓▓
▓<...')...['.....'__
▓▓▓▓▓▓▓▓▓▓▓▓▓▓▓▓▓▓▓▓


You could see 4 death yaks.

Vanquished Creatures
  A hydra (D)
  2 death yaks (D)
  A centaur warrior (D)
  A black mamba (D)
  A spiny frog (D)
  2 hippogriffs (D)
  A shadow (D)
  Eustachio (D)
  A water moccasin (D)
  3 porcupines (D)
  An ice beast (shapeshifter) (D)
  3 crocodiles (D)
  5 bullfrogs (D)
  A wight (D)
  3 orc wizards (D)
  2 hounds (D)
  A hell rat (D)
  A worker ant (D)
  An adder (D)
  2 adder skeletons (D)
  An adder zombie (D)
  An orc (D)
  A bat zombie (D)
  A goblin (D)
  A hobgoblin (D)
  A leopard gecko skeleton (D)
  3 rats (D)
43 creatures vanquished.

Notes
Turn   | Place    | Note
-------+----------+-------------------------------------------
     0 | D        | HASTUR3 the Kobold Gladiator began the quest for the Orb.
     0 | D        | Reached XP level 1. HP: 12/12 MP: 1/1
    11 | D        | Reached skill level 5 in Short Blades
    22 | D        | Noticed an orc wizard
    22 | D        | Noticed an orc wizard
    22 | D        | Noticed a hound
    29 | D        | Reached skill level 5 in Dodging
    29 | D        | Reached XP level 2. HP: 15/17 MP: 2/2
    32 | D        | Reached skill level 7 in Short Blades
    32 | D        | Reached XP level 3. HP: 19/21 MP: 3/3
    37 | D        | Reached skill level 8 in Short Blades
    37 | D        | Reached XP level 4. HP: 14/26 MP: 4/4
    45 | D        | Reached skill level 9 in Short Blades
   234 | D        | Found a roughly hewn altar of Beogh.
   234 | D        | Found a snail-covered altar of Cheibriados.
   234 | D        | Found a shadowy altar of Dithmenos.
   234 | D        | Found a white marble altar of Elyvilon.
   234 | D        | Found a blossoming altar of Fedhas.
   234 | D        | Found an opulent altar of Gozag.
   235 | D        | Found a hazy altar of Hepliaklqana.
   236 | D        | Found a viscous altar of Jiyva.
   237 | D        | Found an ancient bone altar of Kikubaaqudgha.
   238 | D        | Found a corrupted altar of Lugonu.
   239 | D        | Found a burning altar of Makhleb.
   240 | D        | Found a sparkling altar of Nemelex Xobeh.
   241 | D        | Found an iron altar of Okawaru.
   242 | D        | Found a stormy altar of Qazlal.
   243 | D        | Found a sacrificial altar of Ru.
   244 | D        | Found a deep blue altar of Sif Muna.
   245 | D        | Found a bloodstained altar of Trog.
   247 | D        | Became a worshipper of Kikubaaqudgha
   249 | D        | Found a hide-covered altar of Uskayaw.
   250 | D        | Found a radiant altar of Vehumet.
   251 | D        | Found an ornate altar of the Wu Jian Council.
   252 | D        | Found a shimmering altar of Xom.
   253 | D        | Found a basalt altar of Yredelemnul.
   254 | D        | Found a glowing silver altar of Zin.
   255 | D        | Found a glowing golden altar of the Shining One.
   403 | D        | Reached XP level 5. HP: 29/32 MP: 5/5
   410 | D        | Reached * piety under Kikubaaqudgha
   410 | D        | Identified Kikubaaqudgha's Papyrus of Unholy Arts
                  | (Kikubaaqudgha gifted it to you in the Dungeon)
   410 | D        | Received a gift from Kikubaaqudgha
   422 | D        | Reached skill level 10 in Short Blades
   422 | D        | Reached XP level 6. HP: 31/40 MP: 6/6
   427 | D        | Reached skill level 5 in Fighting
   427 | D        | Reached skill level 1 in Necromancy
   429 | D        | Reached ** piety under Kikubaaqudgha
   435 | D        | Learned a level 1 spell: Animate Skeleton
   438 | D        | Learned a level 2 spell: Sublimation of Blood
   494 | D        | Noticed a centaur warrior
   494 | D        | Noticed a shadow
   505 | D        | Killed a centaur warrior
   505 | D        | Reached skill level 10 in Necromancy
   505 | D        | Reached XP level 7. HP: 15/51 MP: 7/7
   505 | D        | Reached XP level 8. HP: 16/56 MP: 8/8
   526 | D        | Noticed a hog
   549 | D        | Killed a shadow
   549 | D        | Reached *** piety under Kikubaaqudgha
   549 | D        | Identified Kikubaaqudgha's Reference Book on Evil Magic
                  | (Kikubaaqudgha gifted it to you in the Dungeon)
   549 | D        | Received a gift from Kikubaaqudgha
   553 | D        | Reached skill level 10 in Fighting
   843 | D        | Noticed Eustachio
   864 | D        | Killed Eustachio
   864 | D        | Reached skill level 1 in Spellcasting
   978 | D        | Gained mutation: You are weak. (Str -2) [potion of
                  | mutation]
   978 | D        | Gained mutation: You are very weak. (Str -4) [potion of
                  | mutation]
   978 | D        | Gained mutation: You are partially covered in icy blue
                  | scales. (AC +2) [potion of mutation]
   979 | D        | Lost mutation: You are very weak. (Str -4) [potion of
                  | mutation]
   979 | D        | Lost mutation: You are weak. (Str -2) [potion of mutation]
   979 | D        | Lost mutation: You are partially covered in icy blue
                  | scales. (AC +2) [potion of mutation]
   979 | D        | Gained mutation: Your flesh is cold resistant. (rC+)
                  | [potion of mutation]
   979 | D        | Gained mutation: You tend to lose your temper in combat.
                  | [potion of mutation]
   979 | D        | Gained mutation: Your spells are a little easier to cast,
                  | but a little less powerful. [potion of mutation]
   979 | D        | Gained mutation: Your flesh is very cold resistant. (rC++)
                  | [potion of mutation]
   980 | D        | Noticed a hippogriff
   980 | D        | Noticed a hippogriff
   986 | D        | Reached **** piety under Kikubaaqudgha
   986 | D        | Reached skill level 10 in Dodging
   989 | D        | Reached skill level 11 in Short Blades
   995 | D        | Killed a hippogriff
   995 | D        | Reached XP level 9. HP: 22/63 MP: 9/12
   995 | D        | Noticed a black mamba
  1005 | D        | Killed a hippogriff
  1005 | D        | Reached ***** piety under Kikubaaqudgha
  1005 | D        | Reached skill level 12 in Short Blades
  1017 | D        | Killed a black mamba
  1034 | D        | Learned a level 3 spell: Regeneration
  1040 | D        | Learned a level 5 spell: Agony
  1045 | D        | Learned a level 4 spell: Animate Dead
  1055 | D        | Noticed a spiny frog
  1055 | D        | Noticed a five-headed hydra
  1061 | D        | Killed a spiny frog
  1270 | D        | Reached XP level 10. HP: 71/71 MP: 16/16
  1279 | D        | Killed a five-headed hydra
  1279 | D        | Reached skill level 13 in Short Blades
  1282 | D        | Reached ****** piety under Kikubaaqudgha
  1347 | D        | Noticed a death yak
  1347 | D        | Noticed a death yak
  1347 | D        | Noticed a death yak
  1347 | D        | Noticed a death yak
  1347 | D        | Noticed a death yak
  1352 | D        | Noticed a death yak
  1366 | D        | Killed a death yak
  1366 | D        | Reached skill level 14 in Short Blades
  1392 | D        | Killed a death yak
  1432 | D        | Quit the game

Skill      XL: |  1  2  3  4  5  6  7  8  9 10 |
---------------+-------------------------------+-----
Dodging        | 5 6 7 8 9 10 11 13 | 13.3
Short Blades   | 5 7 8 9 10 11 12 14 | 14.3
Fighting       | 3 4 9 10 11 13 | 13.1
Necromancy     | 10 11 | 11.1
Spellcasting   | 2 4 |  4.2
Stealth        | 9 |  9.0
Charms         | 4 |  4.6
Throwing       | |  2.1

Action                   |  1- 3 |  4- 6 |  7- 9 | 10-12 || total
-------------------------+-------+-------+-------+-------++-------
Melee: Rapier            |    23 |    50 |    83 |    56 ||   212
 Cast: Regeneration      |       |       |     6 |       ||     6
       Animate Skeleton  |       |       |     4 |     4 ||     8
       Sublimation of Bl |       |       |     2 |       ||     2
       Animate Dead      |       |       |     1 |     1 ||     2
       Agony             |       |       |       |     1 ||     1
Invok: Receive Corpses   |       |       |       |     1 ||     1
       Torment           |       |       |       |     1 ||     1
  Use: Potion            |       |       |     6 |       ||     6
 Stab: Sleeping          |     1 |       |       |       ||     1
       Invisible         |       |       |     2 |       ||     2
  Eat: Chunk             |       |     7 |     4 |       ||    11
Armor: Leather armour    |     3 |       |     8 |     5 ||    16
       Chain mail        |       |    11 |     5 |       ||    16
Dodge: Dodged            |     9 |    20 |    49 |    32 ||   110
